 Dungeon Crawl Stone Soup version 0.25.1-3-ge44b62a0b3 (webtiles) character file.

Game seed: 4411368647099176395

1045 KamiKatze the Conjurer (level 8, -3/44 HPs)
             Began as a Tengu Fire Elementalist on Nov 22, 2020.
             Was an Initiate of Vehumet.
             Killed from afar by an electric eel (10 damage)
             ... with a bolt of electricity
             ... on level 6 of the Dungeon.
             The game lasted 00:22:30 (4818 turns).

KamiKatze the Conjurer (Tengu Fire Elementalist)    Turns: 4818, Time: 00:22:31

Health: -3/44      AC:  8    Str:  8    XL:     8   Next: 25%
Magic:  25/25      EV: 15    Int: 18    God:    Vehumet [......]
Gold:   285        SH:  0    Dex: 15    Spells: 9/17 levels left

rFire    . . .     SeeInvis .   F - +1 hand axe (flame)
rCold    . . .     Gourm    .   (no shield)
rNeg     . . .     Faith    .   a - +0 robe
rPois    .         Spirit   .   (helmet restricted)
rElec    .         Reflect  .   g - +1 cloak
rCorr    .         Harm     .   (no gloves)
MR       .....                  (boots unavailable)
Stlth    ++........             (no amulet)
HPRegen  0.14/turn              q - ring of magical power
MPRegen  0.19/turn              s - +4 ring of protection

@: flying quickly and evasively, quick
A: beak, talons 3, able to fly
a: Stop Flying, Renounce Religion


You were on level 6 of the Dungeon.
You worshipped Vehumet.
Vehumet was noncommittal.
You were not hungry.

You visited 2 branches of the dungeon, and saw 7 of its levels.

You collected 285 gold pieces.

Inventory:

Hand Weapons
 b - a +0 dagger
 i - a +0 spear of distortion
 F - a +1 hand axe of flaming (weapon)
Missiles
 f - 49 poisoned darts (quivered)
 y - 2 throwing nets
Armour
 a - a +0 robe (worn)
 g - a +1 cloak (worn)
 h - a +3 ring mail
 j - a +0 kite shield
 m - a scarf of invisibility
 w - a +0 kite shield
 z - a +1 helmet
Jewellery
 q - a ring of magical power (left hand)
 s - a +4 ring of protection (right hand)
 u - an uncursed ring of resist corrosion {unknown}
 x - an uncursed ring of protection from cold
Wands
 v - a wand of disintegration (12)
 E - a wand of polymorph (5)
Scrolls
 d - 2 scrolls of enchant weapon {unknown}
 k - 6 scrolls of remove curse {unknown}
 l - 3 scrolls of magic mapping {unknown}
 n - 3 scrolls of teleportation {unknown}
 p - a scroll of fog {unknown}
 r - 5 scrolls of identify {unknown}
 A - a scroll of immolation {unknown}
 D - a scroll of amnesia {unknown}
 H - a scroll of enchant armour {unknown}
Potions
 e - a potion of haste {unknown}
 o - 4 potions of curing {unknown}
 t - 2 potions of heal wounds {unknown}
 C - a potion of cancellation {unknown}
 G - a potion of stabbing {unknown}
Comestibles
 c - 11 rations


   Skills:
 - Level 2.0 Fighting
 - Level 2.1 Dodging
 - Level 2.0 Stealth
 * Level 5.2 Spellcasting
 * Level 6.7 Conjurations
 * Level 6.6 Fire Magic


You had 9 spell levels left.
You knew the following spells:

 Your Spells              Type           Power        Failure   Level  Hunger
a - Foxfire               Conj/Fire      ####         1%          1    None
b - Conjure Flame         Conj/Fire      ####....     2%          3    ##.....
c - Sticky Flame          Conj/Fire      ####....     9%          4    ####...

Your spell library contained the following spells:

 Spells                   Type           Power        Failure   Level  Hunger
 Inner Flame              Hex/Fire       ###.....     10%         3    ##.....
 Fireball                 Conj/Fire      ####......   22%         5    ######.


Dungeon Overview and Level Annotations

Branches:
Dungeon (6/15)             Temple (1/1) D:5

Altars:
Ashenzari
Cheibriados
Dithmenos
Elyvilon
Fedhas
Gozag
Kikubaaqudgha
Makhleb
Okawaru
Qazlal
Ru
Sif Muna
Uskayaw
Vehumet
Wu Jian
Xom
Zin
The Shining One

Shops:
D:5 *

Annotations:
D:4 3 runed translucent doors, BledDest's ghost, amateur OgHu


Innate Abilities, Weirdness & Mutations

You have a beak for a mouth.
You have claws for feet.
You can fly continuously.


Message History

The worker ant zombie is lightly damaged.
There is a stone staircase leading up here.
You fly upwards.
There is a stone staircase leading down here.
Magic restored.
There is a stone staircase leading down here.
You start resting.
Your magical contamination has completely faded away.
You fly downwards.
The electric eel shoots out a bolt of lightning at you!
The bolt of electricity hits you!
* * * LOW HITPOINT WARNING * * *
The electric eel shoots out a bolt of lightning at you!
The bolt of electricity hits you!
* * * LOW HITPOINT WARNING * * *
The electric eel shoots out a bolt of lightning at you!
The bolt of electricity misses you.
The electric eel shoots out a bolt of lightning at you!
The bolt of electricity hits you!
You die...

# #..≈≈ ≈ #<#.
....≈≈≈≈≈P≈
#....####.#....≈≈≈≈≈
#......<..†...;;≈≈≈≈
##...#.Z###†...≈≈≈≈≈
##. #..........≈≈≈≈
# .......(....P≈≈≈
.###.###.....≈≈≈≈ #
#.....@.#
#..........≈≈≈
........#...P≈≈
##.####...#.≈P≈ #
### # .≈P P≈


P You could see 2 electric eels and a worker ant zombie.

Vanquished Creatures
  A water moccasin (D:5)
  An ice beast (D:5)
  A centaur (D:5)
  2 scorpions (D:5)
  A howler monkey (D:4)
  A wight (D:5)
  3 crimson imps
  2 orc priests (D:5)
  2 bullfrog skeletons (D:4)
  A hound (D:5)
  7 worker ants (D:4)
  4 gnolls
  3 adders
  A shadow imp (D:5)
  An ooze (D:3)
  An adder skeleton (D:4)
  A worm (D:2)
  2 dart slugs
  4 leopard geckos
  19 orcs
  3 giant cockroaches
  6 goblins
  5 hobgoblins
  8 jackals
  6 kobolds
  A ball python (D:3)
  A ball python zombie (D:5)
  4 bats
  2 frilled lizards
  4 rats
98 creatures vanquished.

Vanquished Creatures (collateral kills)
  A plant (D:4)
1 creature vanquished.

Vanquished Creatures (others)
  352 foxfires
352 creatures vanquished.

Grand Total: 451 creatures vanquished

Notes
Turn   | Place    | Note
-------+----------+-------------------------------------------
     0 | D:1      | KamiKatze the Tengu Fire Elementalist began the quest for
                  | the Orb.
     0 | D:1      | Reached XP level 1. HP: 10/10 MP: 4/4
   197 | D:1      | Reached XP level 2. HP: 15/15 MP: 4/6
   676 | D:2      | Reached XP level 3. HP: 20/20 MP: 1/7
  1067 | D:2      | Learned a level 3 spell: Conjure Flame
  1247 | D:3      | Reached skill level 1 in Fighting
  1387 | D:3      | Found a faded altar of an unknown god.
  1495 | D:3      | Reached XP level 4. HP: 22/25 MP: 4/9
  2159 | D:3      | Learned a level 4 spell: Sticky Flame
  2195 | D:4      | Gained mutation: You can fly continuously. [Tengu growth]
  2195 | D:4      | Reached XP level 5. HP: 28/29 MP: 10/10
  2325 | D:4      | Found a runed translucent gate.
  2325 | D:4      | Found a runed translucent gate.
  2326 | D:4      | Found a runed translucent gate.
  2332 | D:4      | Reached XP level 6. HP: 33/35 MP: 12/12
  2889 | D:4      | Reached skill level 5 in Fire Magic
  3049 | D:4      | Noticed BledDest's ghost (amateur OgHu)
  3288 | D:5      | Entered Level 5 of the Dungeon
  3512 | D:5      | Noticed an ice beast
  3517 | D:5      | Killed an ice beast
  3517 | D:5      | Reached skill level 5 in Conjurations
  3517 | D:5      | Reached XP level 7. HP: 33/40 MP: 14/14
  4144 | D:5      | Reached XP level 8. HP: 35/44 MP: 16/16
  4198 | D:5      | Reached skill level 5 in Spellcasting
  4252 | D:5      | Found a sacrificial altar of Ru.
  4360 | D:5      | Found Fenoshri's General Store.
  4547 | D:5      | Found a staircase to the Ecumenical Temple.
  4553 | Temple   | Entered the Ecumenical Temple
  4608 | Temple   | Became a worshipper of Vehumet
  4818 | D:6      | Killed from afar by an electric eel

Illustrated notes

Levels and vault maps discovered:
D:1:      onia_arrival_mini_spirals, layout_basic, minmay_misc_feat_room,
          hangedman_decor_push, interstate_on_off
D:2:      layout_rooms, serial_bayou_pond_b
D:3:      layout_loops_cross, chequers_ecumenical_altar_simple_redux,
          first_ration, st_stairs_3
D:4:      layout_basic, serial_bayou, serial_bayou_pond_b, serial_bayou_ford_a,
          serial_bayou_crossing, serial_bayou_lake_a, serial_bayou_lagoon_a,
          gammafunk_ghost_necromancy
D:5:      layout_rooms, lemuel_doored_altar,
          minmay_temple_entry_enclosed_plants, serial_shops, nicolae_shop_stone
D:6:      layout_loops_ring, basic_altar, chequers_big_river
Temple:   minmay_crystal_spiral_temple

Skill      XL: |  1  2  3  4  5  6  7  8 |
---------------+-------------------------+-----
Conjurations   | 2 3 4 5 6 |  6.7
Fighting       | 1 2 |  2.0
Fire Magic     | 4 5 6 |  6.6
Spellcasting   | 3 4 5 |  5.2
Dodging        | |  2.1
Stealth        | |  2.0

Action                   |  1- 3 |  4- 6 |  7- 9 || total
-------------------------+-------+-------+-------++-------
Melee: Dagger            |    15 |     7 |    15 ||    37
       Kick              |     4 |     1 |    15 ||    20
       Peck              |     1 |     1 |     8 ||    10
       Hand axe          |       |       |    42 ||    42
 Cast: Foxfire           |    54 |    92 |    87 ||   233
 Abil: Fly               |       |     1 |       ||     1
 Stab: Sleeping          |     1 |     1 |       ||     2
  Eat: Chunk             |     2 |     6 |     4 ||    12
Armor: Robe              |     6 |     8 |    26 ||    40
Dodge: Dodged            |    26 |    28 |    70 ||   124
